 Dungeon Crawl Stone Soup version 0.31-a0-1338-gb567cfdca4 (webtiles) character file.

Game seed: 5518840188441175205

261 IdlyInterested the Changeling (level 5, 0/61 HPs)
             Began as a Demonspawn Shapeshifter on Dec 21, 2023.
             Slain by an orc
             ... wielding a +0 mace
              (4 damage)
             ... on level 4 of the Dungeon.
             The game lasted 00:07:00 (2565 turns).

IdlyInterested the Changeling (DsSh)                Turns: 2565, Time: 00:07:00

Health: 0/61       AC: 22    Str: 14    XL:     5   Next: 96%
Magic:  5/5        EV:  2    Int: 11    God:
Gold:   87         SH:  0    Dex: 14    Spells: 4/4 levels left

rFire   . .          .
                       - Unarmed
rCold   . . .        (no shield)
rNeg    + . .        n - melded +0 chain mail
rPois   +            (helmet currently unavailable)
rElec   .            (cloak currently unavailable)
rCorr   .            (gloves currently unavailable)
SInv    +            (boots currently unavailable)
Will    .....        (no amulet)
Stlth   ++           k - ring of see invisible
HPRegen 0.30/turn    s - ring of positive energy
MPRegen 0.09/turn

%: no passive effects
@: tree-form, on berserk cooldown, slowed, very slow
A: stationary, stasis, torment immunity, boosted hp, (horns 1), foul stench 1
a: no special abilities


You were on level 4 of the Dungeon.
You were a tree.
You visited 1 branch of the dungeon, and saw 4 of its levels.

You collected 87 gold pieces.

Inventory:

Hand Weapons
 e - a +0 short sword
 i - a +0 mace
 q - a +0 dagger
 y - a +0 hand axe
Missiles
 h - 11 stones (quivered)
Armour
 j - a +0 scale mail
 n - a +0 chain mail (melded)
 u - a +1 plate armour of poison resistance
 w - a +0 ring mail
 B - a +0 leather armour
Jewellery
 k - a ring of see invisible (left branch)
 s - a ring of positive energy (right branch)
Talismans
 c - a beast talisman
 d - a flux talisman
Scrolls
 f - a scroll of enchant armour {unknown}
 g - 2 scrolls of fog
 m - 2 scrolls of immolation {unknown}
 o - 2 scrolls of poison {unknown}
 r - a scroll of silence {unknown}
 t - 2 scrolls of teleportation
 x - a scroll of amnesia
Potions
 a - a potion of ambrosia {unknown}
 l - a potion of attraction {unknown}
 p - a potion of curing {unknown}
 v - a potion of enlightenment {unknown}
 z - a potion of might
 A - a potion of heal wounds {unknown}
 C - a potion of degeneration {unknown}


   Skills:
 - Level 3.0 Fighting
 - Level 1.0 Throwing
 - Level 1.0 Armour
 - Level 3.0 Dodging
 - Level 1.0 Stealth
 - Level 3.0 Unarmed Combat
 - Level 1.0 Evocations
 + Level 3.7 Shapeshifting


You had 4 spell levels left.
You didn't know any spells.
Your spell library contained the following spells:

 Spells                   Type           Power      Damage    Failure   Level
 Summon Forest            Summ/Tloc      0%         N/A       100%        5
 Eringya's Noxious Bog    Alch           0%         4d6       100%        6
 Summon Hydra             Summ           0%         N/A       100%        7


Dungeon Overview and Level Annotations

Branches:
Dungeon (4/15)
 Temple: D:4-7

Altars:

Shops:
D:3 =


Innate Abilities, Weirdness & Mutations

You are a tree.
Your roots penetrate the ground, keeping you stationary.
You cannot be teleported.
You are immune to unholy pain and torment.
Your maximum health is greatly increased.
Your equipment is partially melded.
((You have a pair of small horns on your head.))
You may rarely emit foul miasma when damaged in melee.


Message History

The orc wizard hits you but does no damage.
The orc barely misses you.
Your transformation has ended.
You turn into a tree.
Your +0 chain mail melds into your body.
Your roots penetrate the ground.
You feel less confused.
The orc wizard hits you but does no damage.
The orc hits you with a +0 mace.
* * * LOW HITPOINT WARNING * * *
You hit the orc wizard.
The orc wizard is lightly wounded.
The orc wizard casts a spell at you. You resist with some effort.
The orc hits you but does no damage.
The orc wizard hits you but does no damage.
An orc comes into view. It is wielding a +0 short sword.
The orc hits you but does no damage.
The orc shouts!
You barely miss the orc wizard.
The orc wizard is lightly wounded.
The orc wizard hits you but does no damage.
The orc hits you but does no damage.
You smack the orc wizard!
You kill the orc wizard!
The orc hits you with a +0 mace.
* * * LOW HITPOINT WARNING * * *
You closely miss the orc. The orc hits you but does no damage.
The orc hits you with a +0 mace.
* * * LOW HITPOINT WARNING * * *
The orc hits you but does no damage. x2
You smack the orc!
You kill the orc!
The orc hits you but does no damage.
You hit the orc.
The orc is severely wounded.
The orc hits you but does no damage.
You closely miss the orc.
The orc is severely wounded.
The orc hits you with a +0 mace.
You die...

#.........####
+.............
.#..........# ##
......))†...# .
#.......w..# .#
#....o..<..##.###.#
#....######.......#
.### #$#...... #♣#
####. #o# #.# #..
... ##.# .# ..


You could see an orc.

Vanquished Creatures
  An orc priest (D:3)
  Jessica (D:2)
  3 orc wizards
  Robin (D:3)
  4 adders
  3 worms
  2 dart slugs (D:4)
  8 orcs
  7 ball pythons
  4 bats
  3 endoplasms
  2 giant cockroaches
  11 goblins
  6 hobgoblins
  2 jackals (D:2)
  2 kobolds
  A quokka (D:2)
  5 frilled lizards
  3 rats
69 creatures vanquished.

Notes
Turn   | Place    | Note
-------+----------+-------------------------------------------
     0 | D:1      | IdlyInterested the Demonspawn Shapeshifter began the quest
                  | for the Orb.
     0 | D:1      | Reached XP level 1. HP: 15/15 MP: 1/1
   288 | D:1      | Reached skill level 1 in Throwing
   288 | D:1      | Gained mutation: You may rarely emit foul miasma when
                  | damaged in melee. [demonic ancestry]
   288 | D:1      | Reached XP level 2. HP: 21/21 MP: 2/2
   673 | D:2      | Reached skill level 1 in Armour
   824 | D:2      | Reached skill level 1 in Stealth
   937 | D:2      | Reached XP level 3. HP: 24/26 MP: 3/3
   959 | D:2      | Noticed Jessica
   970 | D:2      | Killed Jessica
   971 | D:2      | Reached skill level 1 in Evocations
  1008 | D:2      | Found a faded altar of an unknown god.
  1010 | D:2      | Noticed a glass eye
  1031 | D:2      | Noticed a golden eye
  1036 | D:2      | Noticed a golden eye
  1039 | D:2      | Noticed a glass eye
  1143 | D:2      | Gained mutation: You have a pair of small horns on your
                  | head. [demonic ancestry]
  1143 | D:2      | Reached XP level 4. HP: 20/34 MP: 4/4
  1752 | D:3      | Found Ulorecaq's Jewellery Shoppe.
  2127 | D:3      | Reached XP level 5. HP: 41/41 MP: 5/5
  2149 | D:3      | Noticed Robin
  2157 | D:3      | Killed Robin
  2562 | D:4      | HP: 3/61 [orc/+0 mace (3)]
  2565 | D:4      | Slain by an orc

Illustrated notes

Levels and vault maps discovered:
D:1:      saegor_arrival_simple_b, layout_loops_ring, minmay_statues_item
D:2:      layout_basic, hellmonk_ecumenical_altar_watching_god, uniq_jessica
D:3:      layout_loops_ring, serial_shops, shop, glass_columns_b,
          kennysheep_generic_room_14, uniq_robin
D:4:      layout_basic, mainiacjoe_overflow_six_doors_small, uniq_edmund,
          uniq_menkaure

Skill      XL: |  1  2  3  4  5 |
---------------+----------------+-----
Unarmed Combat | 3 |  3.0
Throwing       | 1 |  1.0
Armour         | 1 |  1.0
Stealth        | 1 |  1.0
Evocations     | 1 |  1.0
Fighting       | 2 3 |  3.0
Dodging        | 2 3 |  3.0
Shapeshifting  | 3 |  3.7

Action                     |  1- 3 |  4- 6 || total
---------------------------+-------+-------++-------
  Melee: Unarmed           |    76 |    95 ||   171
         Punch             |     2 |     4 ||     6
         Headbutt          |       |     6 ||     6
  Throw: Stone             |       |     5 ||     5
    Use: Scroll            |       |     3 ||     3
         Potion            |       |     5 ||     5
 Armour: Animal skin       |     4 |       ||     4
         Scale mail        |     7 |       ||     7
         Chain mail        |    26 |    65 ||    91
         Skin              |       |    16 ||    16
  Dodge: Dodged            |    21 |    26 ||    47

Table legend: (Time is in decaauts)
 A = Elapsed time spent in this place.
 B = Non-inter-level travel time spent in this place.
 C = Inter-level travel time spent in this place.
 D = Time resting spent in this place.
 E = Time spent auto-exploring this place.
 F = Levels seen in this place.
 G = Mean time per level.
                   A        B        C        D        E       F      G
               +--------+--------+--------+--------+--------+-----+--------+
         Total |   2561 |   2463 |     98 |    451 |   1480 |   4 |  640.2 |
       Dungeon |   2561 |   2463 |     98 |    451 |   1480 |   4 |  640.2 |
               +--------+--------+--------+--------+--------+-----+--------+

Top non-repeatable levels by time:
     D:3: 933 daAuts
     D:2: 912 daAuts
     D:1: 668 daAuts
     D:4: 47 daAuts
